 Dungeon Crawl Stone Soup version 0.23-a0-136-g722f094 (webtiles) character file.

86 galech the Chopper (level 4, 32/36 HPs)
             Began as a Demonspawn Berserker on Aug 28, 2018.
             Was a Believer of Trog.
             Quit the game on level 3 of the Dungeon.
             The game lasted 00:02:14 (1689 turns).

galech the Chopper (Demonspawn Berserker)           Turns: 1689, Time: 00:02:14

Health: 32/36      AC:  7    Str: 18    XL:     4   Next: 26%
Magic:  4/4        EV: 11    Int:  8    God:    Trog [**....]
Gold:   122        SH:  0    Dex: 13    Spells: 3/3 levels left

rFire    . . .     SeeInvis .   a - +0 hand axe
rCold    . . .     Gourm    .   (no shield)
rNeg     . . .     Faith    .   e - +0 ring mail (curse)
rPois    .         Spirit   .   (helmet restricted)
rElec    .         Reflect  .   (no cloak)
rCorr    .         Harm     .   (no gloves)
MR       .....     Rnd*Tele +   (no boots)
Stlth    ++........             (no amulet)
HPRegen  0.12/turn              b - ring of teleportation (curse)
MPRegen  0.09/turn              h - ring of wizardry

@: no status effects
A: antennae 1, molten scales 1, nightstalker 1
a: Berserk, Trog's Hand, Renounce Religion


You were on level 3 of the Dungeon.
You worshipped Trog.
Trog was pleased with you.
You were not hungry.

You visited 1 branch of the dungeon, and saw 3 of its levels.

You collected 122 gold pieces.

Inventory:

Hand Weapons
 a - a +0 hand axe (weapon)
Armour
 e - a cursed +0 ring mail (worn)
 f - a +2 ring mail of poison resistance
 n - a +0 chain mail
Jewellery
 b - a cursed ring of teleportation (left hand)
 h - a ring of wizardry (right hand)
Scrolls
 g - a scroll of fog
Potions
 i - a potion of lignification
 j - 2 potions of curing {unknown}
 k - a potion of heal wounds {unknown}
 l - 2 potions of might {unknown}
 m - a potion of cancellation {unknown}
Comestibles
 c - 9 rations
 d - 3 chunks of flesh


   Skills:
 + Level 3.6 Fighting
 + Level 3.6 Axes
 + Level 2.1 Armour
 + Level 2.3 Dodging
 + Level 0.2 Stealth


You had 3 spell levels left.
You didn't know any spells.
Your spell library was empty.

Dungeon Overview and Level Annotations

Branches:
Dungeon (3/15)

Altars:
Fedhas
Gozag
Sif Muna
Wu Jian


Innate Abilities, Weirdness & Mutations

You have a pair of small antennae on your head.
You are partially covered in molten scales. (AC +2)
You are slightly more attuned to the shadows.


Message History

The leopard gecko barely misses you. The leopard gecko closely misses you.
You barely miss the leopard gecko.
The leopard gecko is heavily wounded.
The leopard gecko closely misses you.
You hit the leopard gecko.
The leopard gecko is almost dead.
The leopard gecko bites you but does no damage.
You closely miss the leopard gecko.
The leopard gecko is almost dead.
The leopard gecko closely misses you.
The leopard gecko bites you but does no damage.
You slash the leopard gecko!
You kill the leopard gecko!
Trog accepts your kill.
No target in view!
No target in view!
No target in view!
No target in view!
No target in view!
Are you sure you want to abandon this character and quit the game? (Confirm

## # ## .... .###....
)###### .............
...... ..............
...... ......#.......
..##..#
...?...........
)...... ..............
. .......
.....#@........
....... #........#...
.......
.##.............
.......
........##.#..........
.......
.##.#.................
...(...
#..####..............
... #................
# ##................
#..................


There were no monsters in sight!

Vanquished Creatures
  4 adders
  An ooze (D:2)
  A dart slug (D:3)
  A leopard gecko (D:3)
  5 orcs (D:3)
  A giant cockroach (D:2)
  5 hobgoblins
  3 quokkas
  6 bats
  2 frilled lizards (D:2)
  A goblin (D:2)
  6 kobolds
  4 rats
40 creatures vanquished.

Notes
Turn   | Place    | Note
-------+----------+-------------------------------------------
     0 | D:1      | galech the Demonspawn Berserker began the quest for the
                  | Orb.
     0 | D:1      | Reached XP level 1. HP: 18/18 MP: 1/1
   612 | D:2      | Gained mutation: You are partially covered in molten
                  | scales. (AC +2) [demonic ancestry]
   612 | D:2      | Reached XP level 2. HP: 13/24 MP: 2/2
   955 | D:2      | Found a blossoming altar of Fedhas.
  1079 | D:2      | Gained mutation: You are slightly more attuned to the
                  | shadows. [demonic ancestry]
  1079 | D:2      | Reached XP level 3. HP: 28/29 MP: 3/3
  1169 | D:2      | Found an ornate altar of the Wu Jian Council.
  1169 | D:2      | Found an opulent altar of Gozag.
  1169 | D:2      | Found a deep blue altar of Sif Muna.
  1567 | D:3      | Gained mutation: You have a pair of small antennae on your
                  | head. [demonic ancestry]
  1567 | D:3      | Reached XP level 4. HP: 35/35 MP: 4/4
  1575 | D:3      | Reached ** piety under Trog
  1689 | D:3      | Quit the game

Vault maps used:
D:1:      minmay_arrival_four_loops
D:2:      gammafunk_temple_overflow_claw, lemuel_doored_altar, kennysheep_nub

Skill      XL: |  1  2  3 |
---------------+----------+-----
Dodging        | 2 |  2.3
Axes           | 3 |  3.6
Armour         | 2 |  2.1
Fighting       | |  3.6
Stealth        | |  0.2

Action                   |  1- 3 |  4- 6 || total
-------------------------+-------+-------++-------
Melee: Hand axe          |   109 |    30 ||   139
Invok: Berserk           |     1 |       ||     1
  Use: Scroll            |     4 |       ||     4
  Eat: Chunk             |     2 |     2 ||     4
Armor: Ring mail         |    42 |    22 ||    64
       Animal skin       |     1 |       ||     1
Dodge: Dodged            |    86 |    29 ||   115

Table legend:
 A = Non-vault XP
 B = Vault XP
 C = Vault XP percentage of total XP
 D = Non-vault monster count
 E = Vault monster count
 F = Vault count percentage of total count
                 A         B        C        D         E       F
            +---------+---------+-------+---------+---------+-------
      Total |     123 |       0 |   0.0 |      40 |       0 |   0.0
            +---------+---------+-------+---------+---------+-------
        D:1 |       9 |       0 |   0.0 |       6 |       0 |   0.0
        D:2 |      40 |       0 |   0.0 |      16 |       0 |   0.0
        D:3 |      74 |       0 |   0.0 |      18 |       0 |   0.0
            +---------+---------+-------+---------+---------+-------
